 Dungeon Crawl Stone Soup version 0.28.0-53-g5a82cb258f (webtiles) character file.

Game seed: 9269656603916484208

826 oldmanjim the Chucker (level 7, -3/65 HPs)
             Began as a Troll Hunter on Aug 4, 2022.
             Slain by a gnoll
             ... wielding a +0 halberd
              (10 damage)
             ... on level 4 of the Dungeon.
             The game lasted 00:15:41 (3330 turns).

oldmanjim the Chucker (Troll Hunter)                Turns: 3330, Time: 00:15:42

Health: -3/65      AC:  4    Str: 23    XL:     7   Next: 64%
Magic:  6/6        EV: 10    Int:  7    God:
Gold:   118        SH:  0    Dex: 16    Spells: 6/6 levels left

rFire   . . .      SeeInvis .     - Unarmed
rCold   . . .      Faith    .   (no shield)
rNeg    . . .      Spirit   .   b - +0 robe
rPois   .          Reflect  .   (helmet restricted)
rElec   .          Harm     .   (no cloak)
rCorr   .          Rampage  .   (gloves unavailable)
Will    .....                   (boots unavailable)
Stlth   ++........              (no amulet)
HPRegen 1.00/turn               k - ring of wizardry
MPRegen 0.10/turn               l - +6 ring of dexterity

@: no status effects
A: large, unfitting armour, claws 3, regeneration 1, shaggy fur 1, tough skin 1
a: no special abilities


You were on level 4 of the Dungeon.
You visited 1 branch of the dungeon, and saw 5 of its levels.

You collected 190 gold pieces.
You spent 72 gold pieces at shops.

Inventory:

Missiles
 c - 8 large rocks (quivered)
 d - 2 throwing nets
 j - 46 stones
 n - 2 curare-tipped darts
Armour
 b - a +0 robe (worn)
Jewellery
 g - an amulet of faith
 k - a ring of wizardry (left claw)
 l - a +6 ring of dexterity (right claw)
Wands
 r - a wand of iceblast (10)
Scrolls
 a - 4 scrolls of teleportation
 e - 3 scrolls of blinking
 h - a scroll of amnesia
 u - a scroll of immolation {unknown}
 w - a scroll of enchant armour {unknown}
Potions
 f - a potion of lignification
 i - a potion of brilliance
 m - a potion of ambrosia {unknown}
 o - 2 potions of might {unknown}
 p - a potion of flight {unknown}
 q - a potion of heal wounds {unknown}
 s - a potion of attraction {unknown}
 t - 2 potions of magic
 v - a potion of curing {unknown}


   Skills:
 - Level 2.0 Fighting
 - Level 5.0 Throwing
 - Level 1.5 Dodging
 + Level 3.4 Stealth
 - Level 5.0 Unarmed Combat


You had 6 spell levels left.
You didn't know any spells.
Your spell library contained the following spells:

 Spells                   Type           Power      Damage    Failure   Level
 Call Canine Familiar     Summ           0%         N/A       45%         3
 Dazzling Flash           Conj/Hex       0%         N/A       45%         3
 Portal Projectile        Hex/Tloc       0%         N/A       45%         3
 Leda's Liquefaction      Hex/Erth       0%         N/A       86%         4
 Agony                    Necr           0%         N/A       99%         5
 Blade Hands              Tmut           0%         N/A       99%         5
 Excruciating Wounds      Necr           0%         N/A       99%         5
 Silence                  Hex/Air        0%         N/A       99%         5


Dungeon Overview and Level Annotations

Branches:
Dungeon (5/15)
 Temple: D:4-7

Altars:
Dithmenos
Zin

Shops:
D:3 *


Innate Abilities, Weirdness & Mutations

You are too large for most types of armour.
You have claws for hands.
Your natural rate of healing is unusually fast.
You are covered in fur. (AC +1)
You have tough skin. (AC +1)


Message History

The orc hits you from afar with a +0 trident.
The hound skeleton barely misses you.
You claw the hound skeleton!
You destroy the hound skeleton!
The orc hits you but does no damage. The gnoll hits you with a +0 halberd!
The gnoll misses you. The orc closely misses you.
You closely miss the gnoll. The gnoll closely misses you.
The orc closely misses you.
You closely miss the gnoll.
The gnoll hits you from afar with a +0 spear.
The gnoll closely misses you.
The orc hits you from afar with a +0 trident.
There is a stone staircase leading up here.
The gnoll hits you from afar with a +0 halberd!
The orc hits you but does no damage. The gnoll closely misses you.
The gnoll hits you from afar with a +0 spear!
You climb upwards.
There is a stone staircase leading down here.
You scratch the gnoll but do no damage.
The gnoll hits you with a +2 flail of holy wrath.
The gnoll hits you with a +0 halberd!
You are too injured to fight recklessly!
You are too injured to fight recklessly!
You claw the gnoll!
The gnoll is heavily wounded.
The gnoll hits you with a +2 flail of holy wrath!
* * * LOW HITPOINT WARNING * * *
The gnoll hits you but does no damage.
You completely miss the gnoll.
The gnoll is heavily wounded.
The gnoll hits you with a +2 flail of holy wrath.
* * * LOW HITPOINT WARNING * * *
The gnoll barely misses you.
You scratch the gnoll but do no damage.
The gnoll is heavily wounded.
The gnoll hits you with a +2 flail of holy wrath.
* * * LOW HITPOINT WARNING * * *
The gnoll hits you with a +0 halberd!
You die...

##§## #.... ####.§.##
########.
#§#§#§#.#####......>.
#.§§§_.§......#######
#.#§#.#.#<.####
#..#§§.##### #...#.##
#...gg.# #...@..#
########


You could see 2 gnolls.

Vanquished Creatures
  An orc warrior (D:5)
  A black bear (D:4)
  An ogre (D:4)
  2 scorpions
  A jelly (D:4)
  2 hounds
  An orc priest (D:5)
  An iguana (D:4)
  Ijyb (D:4)
  2 orc wizards
  A hound skeleton (D:5)
  3 gnolls
  5 adders
  An adder skeleton (D:4)
  A worm (D:4)
  5 dart slugs
  14 orcs
  6 ball pythons
  8 endoplasms
  2 giant cockroaches
  6 goblins
  7 hobgoblins
  12 jackals
  6 kobolds
  5 quokkas
  5 bats
  3 frilled lizards
  3 rats
106 creatures vanquished.

Vanquished Creatures (others)
  2 demonic plants (D:2)
  3 fungi (D:2)
  23 plants
28 creatures vanquished.

Grand Total: 134 creatures vanquished

Notes
Turn   | Place    | Note
-------+----------+-------------------------------------------
     0 | D:1      | oldmanjim the Troll Hunter began the quest for the Orb.
     0 | D:1      | Reached XP level 1. HP: 19/19 MP: 0/0
    75 | D:1      | Reached XP level 2. HP: 28/28 MP: 1/1
    95 | D:1      | Found a glowing silver altar of Zin.
   287 | D:1      | Reached skill level 1 in Unarmed Combat
   310 | D:1      | Reached XP level 3. HP: 35/35 MP: 2/2
   809 | D:1      | Reached skill level 1 in Stealth
   892 | D:2      | Found a faded altar of an unknown god.
  1434 | D:2      | Reached XP level 4. HP: 42/42 MP: 3/3
  2027 | D:3      | Reached XP level 5. HP: 49/49 MP: 4/4
  2152 | D:3      | Found Uforos's Assorted Antiques.
  2205 | D:3      | Bought a scroll labelled AVIEZUSOAST for 26 gold pieces
  2205 | D:3      | Bought a bubbling black potion for 23 gold pieces
  2205 | D:3      | Bought an emerald potion for 23 gold pieces
  2271 | D:4      | Found a shadowy altar of Dithmenos.
  2367 | D:4      | Noticed an ogre
  2379 | D:4      | Reached skill level 5 in Throwing
  2381 | D:4      | Killed an ogre
  2382 | D:4      | Reached XP level 6. HP: 54/57 MP: 5/5
  2504 | D:4      | Noticed Ijyb
  2515 | D:4      | Killed Ijyb
  2722 | D:4      | Identified the +3 whip "Sarouf" {vorpal, *Rage rPois rC+}
  2765 | D:4      | Reached XP level 7. HP: 47/65 MP: 6/6
  3058 | D:5      | Entered Level 5 of the Dungeon
  3218 | D:5      | Reached skill level 5 in Unarmed Combat
  3330 | D:4      | Slain by a gnoll

Illustrated notes

Levels and vault maps discovered:
D:1:      dpeg_arrival_refuge, layout_basic, minmay_hexomino_r4
D:2:      layout_basic, shapermc_ecumenical_altar_gd, serial_rivers,
          chequers_serial_rivers_large_a, chequers_serial_rivers_micro_e,
          chequers_serial_rivers_small_3, chequers_serial_rivers_large_b,
          chequers_serial_rivers_marsh, grunt_ministairs_8, nrook_mini_backslash
D:3:      layout_basic, serial_shops, nicolae_shop_crystal
D:4:      layout_rooms, grunt_dithmenos_smoke_and_mirrors, serial_bayou_lake_a,
          uniq_ijyb
D:5:      layout_layer_cave, minmay_temple_entry_proselytizer,
          nicolae_figureground_sparkle

Skill      XL: |  1  2  3  4  5  6  7 |
---------------+----------------------+-----
Throwing       | 4 5 |  5.0
Unarmed Combat | 1 2 3 4 5 |  5.0
Stealth        | 1 2 3 |  3.4
Fighting       | 2 |  2.0
Dodging        | |  1.5

Action                   |  1- 3 |  4- 6 |  7- 9 || total
-------------------------+-------+-------+-------++-------
Melee: Unarmed           |   106 |   166 |    46 ||   318
       Punch             |     2 |     6 |       ||     8
Throw: Large rock        |       |     2 |     3 ||     5
  Use: Scroll            |       |     5 |     2 ||     7
 Stab: Sleeping          |     3 |     3 |     1 ||     7
Armor: Robe              |    48 |    51 |     8 ||   107
Dodge: Dodged            |    69 |    83 |    25 ||   177
